Map: Lerilak Crest

Players

Orion

  • Race: Zerg Zerg
  • League: Platinum

Matiz - Winner!

  • Race: Zerg Zerg
  • League: Master

Event: Lycan League Weekly August #3

VOD

Have the link to the VOD?

Description

Time

  • Played on: Aug. 17, 2015, 1:18 p.m.
  • Length: 5:03

All games in this series

Show
View Real Time Build Order
Export as new Build Order

Orion Zerg 

Build Orders: Pool First 

Get SALT Encoding   

  12  0:01  Drone  
  13  0:08  Drone  
  14  0:26  Extractor x2  
  12  0:31  Spawning Pool  
  12  0:32  Drone  
  12  0:37  Drone  
  12  0:42  Drone  
  16  1:04  Hatchery  
  16  1:10  Overlord  
  15  1:16  Extractor  
  14  1:28  Queen  
  14  1:29  Drone  
  17  1:34  Drone x2  
  19  1:48  Overlord  
  19  1:57  Zergling x2  
  20  2:02  Drone  
  20  2:06  Queen  
  23  2:12  Drone  
  24  2:17  Drone  
  25  2:23  Drone  
  26  2:33  Drone  
  27  2:42  Drone x6  
  32  2:46  Metabolic Boost  
  32  2:51  Evolution Chamber  
  31  2:54  Zergling x4  
  33  2:59  Drone  
  34  3:11  Drone x2  
  36  3:17  Overlord x2  
  36  3:37  Drone x3  
  36  3:38  Drone x2  
  40  3:41  Zergling x2  
  40  3:42  Zergling x4  
  43  3:49  Hatchery  
  43  3:55  Zergling x8  
  43  4:13  Zergling x12  
  47  4:20  Zergling x8  
  47  4:23  Overlord x2  
  49  4:34  Zergling x8  
  51  4:41  Overlord  
Show
View Real Time Build Order
Export as new Build Order

Matiz Zerg - Winner!

Build Orders: Pool First 

Get SALT Encoding   

  12  0:01  Drone  
  13  0:13  Overlord  
  13  0:17  Drone  
  14  0:23  Drone, Extractor  
  15  0:31  Drone  
  16  0:36  Drone  
  17  0:46  Spawning Pool  
  17  0:49  Drone  
  17  0:56  Drone  
  18  1:01  Extractor  
  17  1:07  Drone  
  18  1:17  Hatchery  
  17  1:21  Drone  
  18  1:33  Queen  
  18  1:34  Zergling x2  
  21  1:41  Overlord  
  21  1:50  Drone  
  22  2:04  Metabolic Boost  
  22  2:07  Zergling x2  
  23  2:10  Queen  
  25  2:17  Overlord  
  25  2:23  Drone  
  25  2:27  Baneling Nest  
  24  2:33  Drone x2  
  26  2:43  Drone x4  
  30  2:46  Drone  
  31  2:55  Drone x2  
  33  2:58  Zergling x2  
  34  3:06  Zergling x2  
  34  3:08  Drone  
  36  3:13  Zergling x2  
  36  3:19  Zergling x4  
  39  3:20  Roach Warren, Drone x3  
  40  3:27  Overlord  
  40  3:32  Overlord  
  40  3:47  Baneling x2  
  40  3:48  Overlord  
  39  4:01  Roach x8  
  53  4:12  Roach  
  53  4:13  Roach, Zergling x8  
  59  4:24  Roach  
  59  4:35  Zergling x4  
  59  4:38  Zergling x2  
  62  4:40  Baneling  
  62  4:45  Extractor  
  61  4:46  Baneling  

Tags
 
Add a new tag
Caveats
  • Supply blocks, unpowered buildings, or Contaminate may cause inaccurate times.
  • Supply counts are checked every 10 seconds.